AZL
ARIZONA (AZL) DIAMONDBACKS @ LOS ANGELES A (AZL) ANGELS
08/29/2099
 
TOP OF THE 1ST
Arizona (AZL) Diamondbacks batting - Pitching for Los Angeles A (AZL) Angels : LHP Marco Alvarado
Pitching: LHP Marco Alvarado
Batting: RHB Javier Pacheco 0-0: Called Strike
0-1: Ball
1-1: Called Strike
1-2: Strikes out swinging
Batting: RHB Angelo Guerra 0-0: Foul Ball, location: 9LSF
0-1: Swinging Strike
0-2: Foul Ball, location: 5F
0-2: Fly out, F4 (Popup, 4, EV 62.5 MPH)
Batting: RHB Ricky Valdez 0-0: Called Strike
0-1: Ball
1-1: Called Strike
1-2: Ball
2-2: Fly out, F6 (Popup, P, EV 78.8 MPH)
Top of the 1st over - 0 runs, 0 hits, 0 errors, 0 left on base; Arizona (AZL) 0 - Los Angeles A (AZL) 0
BOTTOM OF THE 1ST
Los Angeles A (AZL) Angels batting - Pitching for Arizona (AZL) Diamondbacks : LHP Steve Gallagher
Pitching: LHP Steve Gallagher
Batting: RHB Craig Dolan 0-0: Ball
1-0: Called Strike
1-1: Ground out 5-3 (Groundball, 56S, EV 86.3 MPH)
Batting: RHB D.J. Billiet 0-0: Ground out 6-3 (Groundball, 6, EV 84.4 MPH)
Batting: LHB Dan Earl 0-0: Called Strike
0-1: Foul Ball, location: 2F
0-2: Foul Ball, location: 9LSFF
0-2: Foul Ball, location: 2F
0-2: Ground out 4-3 (Groundball, 4MD, EV 105.0 MPH)
Bottom of the 1st over - 0 runs, 0 hits, 0 errors, 0 left on base; Arizona (AZL) 0 - Los Angeles A (AZL) 0
TOP OF THE 2ND
Arizona (AZL) Diamondbacks batting - Pitching for Los Angeles A (AZL) Angels : LHP Marco Alvarado
Batting: RHB Josh Bryan 0-0: Ball
1-0: Called Strike
1-1: Called Strike
1-2: Ball
2-2: Foul Ball, location: 2RF
2-2: Ball
3-2: Base on Balls
Batting: RHB Matt Lancaster 0-0: Foul Ball, location: 5FF
0-1: Swinging Strike
0-2: Strikes out looking
Batting: LHB Richard Alvarado 0-0: Ball
1-0: Called Strike
1-1: Foul Ball, location: 3F
1-2: Ball
2-2: Ball
3-2: Strikes out swinging
Batting: SHB Cody Allen 0-0: Called Strike
0-1: Foul Ball, location: 9LSF
0-2: Ball
1-2: Strikes out swinging
Top of the 2nd over - 0 runs, 0 hits, 0 errors, 1 left on base; Arizona (AZL) 0 - Los Angeles A (AZL) 0
BOTTOM OF THE 2ND
Los Angeles A (AZL) Angels batting - Pitching for Arizona (AZL) Diamondbacks : LHP Steve Gallagher
Batting: RHB Hector Castillo 0-0: Called Strike
0-1: Ball
1-1: Ball
2-1: Ball
3-1: Called Strike
3-2: Foul Ball, location: 25F
3-2: SINGLE (Groundball, 6MS, EV 65.6 MPH) (infield hit)
Batting: RHB Taylor Clarke 0-0: Called Strike
0-1: Swinging Strike
0-2: Foul Ball, location: 9LSF
0-2: Ball
1-2: Ball
2-2: DOUBLE (Flyball, 78D, EV 97.5 MPH)
Hector Castillo to third
Batting: RHB Tristan Ballowe 0-0: Fly out, F8 (Flyball, 8LM, EV 81.9 MPH)
Batting: RHB Kevin Barnett 0-0: Ball
1-0: Ball
2-0: Called Strike
2-1: Foul Ball, location: 2F
2-2: Ball
3-2: Strikes out swinging
Batting: RHB Jim Albert 0-0: Called Strike
0-1: Ball
1-1: Ball
2-1: SINGLE (Flyball, 8RS, EV 96.9 MPH) - OUT at second base trying to stretch hit.
Hector Castillo scores
Taylor Clarke scores
Bottom of the 2nd over - 2 runs, 3 hits, 0 errors, 0 left on base; Arizona (AZL) 0 - Los Angeles A (AZL) 2
TOP OF THE 3RD
Arizona (AZL) Diamondbacks batting - Pitching for Los Angeles A (AZL) Angels : LHP Marco Alvarado
Batting: SHB Miguel Guel 0-0: Ball
1-0: Ball
2-0: Called Strike
2-1: Swinging Strike
2-2: Strikes out swinging
Batting: LHB Merrill Wahl 0-0: Ball
1-0: Foul Ball, location: 7LDF
1-1: Called Strike
1-2: Ball
2-2: Strikes out looking
Batting: RHB Javier Pacheco 0-0: Swinging Strike
0-1: Called Strike
0-2: Ball
1-2: Strikes out swinging
Top of the 3rd over - 0 runs, 0 hits, 0 errors, 0 left on base; Arizona (AZL) 0 - Los Angeles A (AZL) 2
BOTTOM OF THE 3RD
Los Angeles A (AZL) Angels batting - Pitching for Arizona (AZL) Diamondbacks : LHP Steve Gallagher
Batting: RHB Danny Martinez 0-0: Swinging Strike
0-1: Ball
1-1: Called Strike
1-2: Strikes out swinging
Batting: RHB Craig Dolan 0-0: Foul Ball, location: 5DF
0-1: Ball
1-1: Foul Ball, location: 23FF
1-2: Ball
2-2: Strikes out swinging
Batting: RHB D.J. Billiet 0-0: Ball
1-0: SINGLE (Groundball, 6MD, EV 108.8 MPH)
Batting: LHB Dan Earl 0-0: Ball
1-0: Ball
2-0: Foul Ball, location: 2F
2-1: Swinging Strike
2-2: DOUBLE (Flyball, 89D, EV 100.6 MPH)
D.J. Billiet to third
Runner from 3rd tries for Home, SAFE, throw by CF to home
Batting: RHB Hector Castillo 0-0: Ball
Wild Pitch!
Dan Earl to third
1-0: SINGLE (Groundball, 6S, EV 76.9 MPH) (infield hit)
Dan Earl scores
Batting: RHB Taylor Clarke 0-0: Ball
1-0: Ball
2-0: Ball
3-0: Called Strike
3-1: Swinging Strike
3-2: Fly out, F3 (Line Drive, 34, EV 66.9 MPH)
Bottom of the 3rd over - 2 runs, 3 hits, 0 errors, 1 left on base; Arizona (AZL) 0 - Los Angeles A (AZL) 4
TOP OF THE 4TH
Arizona (AZL) Diamondbacks batting - Pitching for Los Angeles A (AZL) Angels : LHP Marco Alvarado
Batting: RHB Angelo Guerra 0-0: Ball
1-0: Fly out, F8 (Flyball, 8RS, EV 96.9 MPH)
Batting: RHB Ricky Valdez 0-0: Swinging Strike
0-1: Called Strike
0-2: Ball
1-2: Ball
2-2: Foul Ball, location: 23F
2-2: Ball
3-2: Base on Balls
Batting: RHB Josh Bryan 0-0: Called Strike
0-1: Called Strike
0-2: Strikes out swinging
Batting: RHB Matt Lancaster 0-0: Called Strike
0-1: Fly out, F7 (Flyball, 78M, EV 80.0 MPH)
Top of the 4th over - 0 runs, 0 hits, 0 errors, 1 left on base; Arizona (AZL) 0 - Los Angeles A (AZL) 4
BOTTOM OF THE 4TH
Los Angeles A (AZL) Angels batting - Pitching for Arizona (AZL) Diamondbacks : LHP Steve Gallagher
Batting: RHB Tristan Ballowe 0-0: Called Strike
0-1: Ball
1-1: Swinging Strike
1-2: Foul Ball, location: 3DF
1-2: Strikes out swinging
Batting: RHB Kevin Barnett 0-0: Called Strike
0-1: Fly out, F9 (Flyball, 9D, EV 89.4 MPH)
Batting: RHB Jim Albert 0-0: Called Strike
0-1: DOUBLE (Line Drive, 8LXD, EV 100.6 MPH)
Batting: RHB Danny Martinez 0-0: Ball
1-0: Ground out 5-3 (Groundball, 56, EV 86.3 MPH)
Bottom of the 4th over - 0 runs, 1 hit, 0 errors, 1 left on base; Arizona (AZL) 0 - Los Angeles A (AZL) 4
TOP OF THE 5TH
Arizona (AZL) Diamondbacks batting - Pitching for Los Angeles A (AZL) Angels : LHP Marco Alvarado
Batting: LHB Richard Alvarado 0-0: Ground out 4-3 (Groundball, 4, EV 80.0 MPH)
Batting: SHB Cody Allen 0-0: Ball
1-0: Fly out, F8 (Flyball, 89D, EV 101.9 MPH)
Batting: SHB Miguel Guel 0-0: Called Strike
0-1: Called Strike
0-2: Ball
1-2: Strikes out swinging
Top of the 5th over - 0 runs, 0 hits, 0 errors, 0 left on base; Arizona (AZL) 0 - Los Angeles A (AZL) 4
BOTTOM OF THE 5TH
Los Angeles A (AZL) Angels batting - Pitching for Arizona (AZL) Diamondbacks : LHP Steve Gallagher
Batting: RHB Craig Dolan 0-0: Foul Ball, location: 2F
0-1: Ball
1-1: Fly out, F9 (Line Drive, 9S, EV 92.5 MPH)
Batting: RHB D.J. Billiet 0-0: Ball
1-0: Swinging Strike
1-1: Called Strike
1-2: Fly out, F9 (Flyball, 9, EV 90.6 MPH)
Batting: LHB Dan Earl 0-0: Ball
1-0: Foul Ball, location: 2F
1-1: Foul Ball, location: 7LSF
1-2: Foul Ball, location: 23F
1-2: Fly out, F8 (Flyball, 89M, EV 88.8 MPH)
Bottom of the 5th over - 0 runs, 0 hits, 0 errors, 0 left on base; Arizona (AZL) 0 - Los Angeles A (AZL) 4
TOP OF THE 6TH
Arizona (AZL) Diamondbacks batting - Pitching for Los Angeles A (AZL) Angels : LHP Marco Alvarado
Batting: LHB Merrill Wahl 0-0: Foul Ball, location: 5SF
0-1: Ball
1-1: Ball
2-1: Ground out 6-3 (Groundball, 6, EV 105.6 MPH)
Batting: RHB Javier Pacheco 0-0: SINGLE (Line Drive, 7S, EV 93.1 MPH)
Batting: RHB Angelo Guerra 0-0: Ball
1-0: SINGLE (Groundball, 6MD, EV 99.4 MPH)
Javier Pacheco to second
Batting: RHB Ricky Valdez 0-0: Ball
1-0: Ball
2-0: DOUBLE (Line Drive, 78D, EV 96.9 MPH)
Javier Pacheco scores
Angelo Guerra to third
Pitching: RHP Jose Alvarinho
Pinch Hitting: SHB Eric Meek 0-0: Ball
1-0: Called Strike
1-1: Foul Ball, location: 7LSF
1-2: Foul Ball, location: 2F
1-2: Strikes out swinging
Pinch Hitting: RHB Jason Pena 0-0: DOUBLE (Line Drive, 78D, EV 110.6 MPH)
Angelo Guerra scores
Ricky Valdez scores
Pinch Hitting: SHB Daniel Richardson 0-0: Called Strike
0-1: Called Strike
0-2: Ball
1-2: Strikes out swinging
Top of the 6th over - 3 runs, 4 hits, 0 errors, 1 left on base; Arizona (AZL) 3 - Los Angeles A (AZL) 4
BOTTOM OF THE 6TH
Los Angeles A (AZL) Angels batting - Pitching for Arizona (AZL) Diamondbacks : LHP Steve Gallagher
Now at 1B: Eric Meek
Now at 3B: Daniel Richardson
Now in CF: Brent Porter
Batting: RHB Hector Castillo 0-0: Ball
1-0: Ground out 1-3 (Groundball, 23, EV 75.0 MPH)
Batting: RHB Taylor Clarke 0-0: Called Strike
0-1: Ball
1-1: Ball
2-1: Ground out 6-3 (Groundball, 6M, EV 90.0 MPH)
Batting: RHB Tristan Ballowe 0-0: Called Strike
0-1: DOUBLE (Flyball, 8RXD, EV 111.9 MPH) - OUT at third base trying to stretch hit.
Bottom of the 6th over - 0 runs, 1 hit, 0 errors, 0 left on base; Arizona (AZL) 3 - Los Angeles A (AZL) 4
TOP OF THE 7TH
Arizona (AZL) Diamondbacks batting - Pitching for Los Angeles A (AZL) Angels : RHP Jose Alvarinho
Batting: SHB Cody Allen 0-0: Swinging Strike
0-1: Ball
1-1: Foul Ball, location: 2F
1-2: Ball
2-2: SINGLE (Flyball, 7LS, EV 94.4 MPH)
Batting: SHB Miguel Guel 0-0: Ball
1-0: Fly out, F3 (Popup, 23F, EV 87.5 MPH)
Pinch Hitting: RHB Chris Rogers Jr. 0-0: Ball
1-0: Foul Ball, location: 7LMFF
1-1: Ball
2-1: Swinging Strike
2-2: Ball
3-2: Foul Ball, location: 2F
3-2: Fly out, F3 (Popup, 13, EV 78.8 MPH)
Pinch Hitting: RHB Joey Battle 0-0: Called Strike
0-1: Called Strike
0-2: Ball
1-2: Strikes out swinging
Top of the 7th over - 0 runs, 1 hit, 0 errors, 1 left on base; Arizona (AZL) 3 - Los Angeles A (AZL) 4
BOTTOM OF THE 7TH
Los Angeles A (AZL) Angels batting - Pitching for Arizona (AZL) Diamondbacks : LHP Steve Gallagher
Now in LF: Jose Guerrero
Now in RF: Joey Battle
Batting: RHB Kevin Barnett 0-0: Called Strike
0-1: Called Strike
0-2: Strikes out swinging
Batting: RHB Jim Albert 0-0: SINGLE (Groundball, 56D, EV 96.3 MPH)
Batting: RHB Danny Martinez 0-0: Called Strike
0-1: Ball
1-1: Called Strike
1-2: Ball
2-2: Fly out, F9 (Flyball, 89M, EV 89.4 MPH)
Batting: RHB Craig Dolan 0-0: Called Strike
Jim Albert steals 2nd base
0-1: Called Strike
0-2: Foul Ball, location: 23F
0-2: Fly out, F7 (Flyball, 7D, EV 110.0 MPH)
Bottom of the 7th over - 0 runs, 1 hit, 0 errors, 1 left on base; Arizona (AZL) 3 - Los Angeles A (AZL) 4
TOP OF THE 8TH
Arizona (AZL) Diamondbacks batting - Pitching for Los Angeles A (AZL) Angels : RHP Jose Alvarinho
Pitching: RHP Tony Reyes
Now at 3B: Wilson Dominguez
Now in LF: Hector Castillo
Now in RF: Juan Barajas
Pinch Hitting: LHB Emilio Ramos 0-0: Foul Ball, location: 7LSF
0-1: SINGLE (Line Drive, 5D, EV 103.8 MPH)
Batting: RHB Ricky Valdez 0-0: Swinging Strike
0-1: Foul Ball, location: 2F
0-2: Strikes out swinging
Batting: SHB Eric Meek 0-0: Foul Ball, location: 2F
0-1: Ball
1-1: Ball
2-1: Ball
3-1: Base on Balls
Emilio Ramos to second
Pinch Hitting: RHB Juan Molina 0-0: Foul Ball, location: 25FF
0-1: Fly out, F7 (Flyball, 7S, EV 86.9 MPH)
Batting: SHB Daniel Richardson 0-0: Ball
1-0: Called Strike
1-1: Fly out, F4 (Popup, 4M, EV 63.8 MPH)
Top of the 8th over - 0 runs, 1 hit, 0 errors, 2 left on base; Arizona (AZL) 3 - Los Angeles A (AZL) 4
BOTTOM OF THE 8TH
Los Angeles A (AZL) Angels batting - Pitching for Arizona (AZL) Diamondbacks : LHP Steve Gallagher
Now at 2B: Juan Molina
Now in CF: Emilio Ramos
Batting: RHB D.J. Billiet 0-0: SINGLE (Groundball, 6MS, EV 62.5 MPH) (infield hit)
Batting: RHB Joel Bradford 0-0: Ball
1-0: Foul Ball, location: 9LMF
1-1: Swinging Strike
1-2: Strikes out swinging
Batting: RHB Hector Castillo 0-0: Called Strike
0-1: Foul Ball, location: 7LMF
0-2: SINGLE (Line Drive, 5D, EV 100.0 MPH)
D.J. Billiet to second
Pinch Hitting: LHB Chad Smith 0-0: Ball
1-0: Foul Ball, location: 7LSF
1-1: SINGLE (Line Drive, 9S, EV 89.4 MPH)
D.J. Billiet to third
Hector Castillo to second
Runner from 3rd tries for Home, SAFE, throw by RF to home
Batting: LHB Juan Barajas 0-0: Ball
1-0: Swinging Strike
1-1: Ball
2-1: Called Strike
Hector Castillo steals 3rd base
2-2: Foul Ball, location: 2F
2-2: Fly out, F8 (Flyball, 8RXD, EV 105.0 MPH)
Runner from 3rd tags up, SCORES, no throw by CF
Batting: RHB Wilson Dominguez 0-0: Fielders Choice at 2nd, 6-4 (Groundball, 56, EV 109.4 MPH)
Bottom of the 8th over - 2 runs, 3 hits, 0 errors, 1 left on base; Arizona (AZL) 3 - Los Angeles A (AZL) 6
TOP OF THE 9TH
Arizona (AZL) Diamondbacks batting - Pitching for Los Angeles A (AZL) Angels : RHP Tony Reyes
Now at 2B: Rich Howes
Pinch Hitting: LHB David Segel 0-0: DOUBLE (Line Drive, 78D, EV 103.8 MPH)
Pinch Hitting: RHB Jeremy McNair 0-0: Ball
1-0: Called Strike
1-1: Ball
2-1: 2-RUN HOME RUN (Flyball, 78XD, EV 111.3 MPH), Distance : 424 ft
Pinch Hitting: SHB Alex Martinez 0-0: Ball
1-0: Ball
2-0: Called Strike
2-1: Ball
3-1: Base on Balls
Batting: RHB Joey Battle 0-0: Ball
1-0: Ball
2-0: SINGLE (Line Drive, 8RS, EV 95.6 MPH)
Alex Martinez to second
Runner from 2nd tries for 3rd, SAFE, throw by CF made to third
Batting: LHB Emilio Ramos 0-0: Ball
1-0: SINGLE (Groundball, 4D, EV 95.0 MPH)
Alex Martinez scores
Joey Battle to second
Runner from 2nd tries for 3rd, SAFE, throw by CF made to third
Batting: RHB Ricky Valdez 0-0: Called Strike
0-1: Ball
1-1: Called Strike
1-2: Foul Ball, location: 2F
1-2: Foul Ball, location: 5F
1-2: Strikes out swinging
Pitching: RHP Victor Flores
Batting: SHB Eric Meek 0-0: Called Strike
0-1: Ball
1-1: Foul Ball, location: 3FF
1-2: Ball
2-2: Strikes out swinging
Batting: RHB Juan Molina 0-0: Called Strike
0-1: Ball
1-1: Ground out 1-3 (Groundball, 13S, EV 70.0 MPH)
Top of the 9th over - 3 runs, 4 hits, 0 errors, 2 left on base; Arizona (AZL) 6 - Los Angeles A (AZL) 6
BOTTOM OF THE 9TH
Los Angeles A (AZL) Angels batting - Pitching for Arizona (AZL) Diamondbacks : LHP Steve Gallagher
Now at C: David Segel
Now at 2B: Juan Salinas
Now at SS: Juan Molina
Now in LF: Emilio Ramos
Now in CF: Ruben Prudente
Batting: RHB Jim Albert 0-0: Called Strike
0-1: Foul Ball, location: 5SF
0-2: Strikes out swinging
Pinch Hitting: RHB Manuel Gonzalez 0-0: Called Strike
0-1: SINGLE (Groundball, 34D, EV 95.0 MPH)
Pinch Hitting: LHB Mickey Jewers 0-0: SINGLE (Line Drive, 8RS, EV 95.0 MPH)
Manuel Gonzalez to second
Pinch Runner at 2nd Andalo Printz:
Batting: RHB D.J. Billiet 0-0: Ball
1-0: Ball
2-0: Swinging Strike
2-1: Called Strike
2-2: Foul Ball, location: 9LDF
2-2: Ball
3-2: Foul Ball, location: 9LDF
3-2: SINGLE (Groundball, 4MD, EV 99.4 MPH)
Andalo Printz to third
Mickey Jewers to second
Runner from 3rd tries for Home, SAFE, throw by CF to home
Bottom of the 9th over - 1 run, 3 hits, 0 errors, 2 left on base; Arizona (AZL) 6 - Los Angeles A (AZL) 7
Sunday, May 12th , 2024 - OOTP Baseball 24.11 Build 85